 Dungeon Sprint DCSS version 0.31-a0-18-gea43df2a32 (webtiles) character file.

Game seed: 5798446299153309894

3538 sircluck the Brawler (level 9, -22/105 HPs)
             Began as a Troll Berserker on May 11, 2023.
             Was a High Priest of Trog.
             Shot with an arrow by a deep elf master archer (32 damage)
             ... in the Dungeon (Sprint II: "The Violet Keep of Menkaure").
             The game lasted 00:03:02 (432 turns).

sircluck the Brawler (Troll Berserker)               Turns: 432, Time: 00:03:02

Health: -22/105    AC:  4    Str: 35    XL:     9   Next: 82%
Magic:  8/8        EV: 12    Int:  3    God:    Trog [*****.]
Gold:   398        SH:  0    Dex:  9    Spells: 8/8 levels left

rFire   . .          .
                       - Unarmed
rCold   . . .        (no shield)
rNeg    . . .        a - +0 animal skin
rPois   .            (helmet restricted)
rElec   .            (no cloak)
rCorr   .            (gloves unavailable)
SInv    .            (boots unavailable)
Will    .....        i - amulet of regeneration
Stlth   +            h - ring "Hompeo" {Fly Str+4}
HPRegen 1.97/turn    (no ring)
MPRegen 0.11/turn

%: no teleportation
@: flying
A: large, unfitting armour, claws 3, regeneration 1, shaggy fur 1, tough skin 1
a: Renounce Religion, Berserk, Trog's Hand, Brothers in Arms


You were in the Dungeon.
You worshipped Trog.
Trog was extremely pleased with you.
You visited 1 branch You collected 1215 gold pieces.
You spent 817 gold pieces at shops.

Inventory:

Missiles
 k - 3 stones (quivered)
Armour
 a - a +0 animal skin (worn)
Jewellery
 h - the ring "Hompeo" (left claw) {Fly Str+4}
   (You bought it in a shop in the Dungeon)

   [ring of flight]

   Str:       It affects your strength (+4).
   Fly:       It grants you flight.
 i - an amulet of regeneration (around neck)
Scrolls
 g - a scroll of blinking
 j - a scroll of fog {unknown}
Potions
 b - a potion of curing
 c - a potion of heal wounds
 d - a potion of haste
 e - 2 potions of magic
 f - a potion of berserk rage
 l - a potion of cancellation {unknown}


   Skills:
 + Level 11.0 Fighting
 + Level 10.8 Dodging
 + Level 15.0 Unarmed Combat


You had 8 spell levels left.
You didn't know any spells.
Your spell library was empty.

Dungeon Overview and Level Annotations

Branches:
Dungeon (1/1)

Altars:
Cheibriados
Dithmenos
Elyvilon
Fedhas
Gozag
Kikubaaqudgha
Makhleb
Nemelex Xobeh
Sif Muna
Trog
Uskayaw
Jiyva
Lugonu

Shops:
D :!!?:[=*(=*[!([

Annotations:
D exclusion: oklob plant


Innate Abilities, Weirdness & Mutations

You are too large for most types of armour.
You have claws for hands.
Your natural rate of healing is unusually fast.
You are covered in fur. (AC +1)
You have tough skin. (AC +1)


Message History

Deactivating autopickup; reactivate with Ctrl-A.
You mangle something!! Something hits you! x2
You barely miss something. Something hits you!
Something hits you but does no damage.
You mangle something!! Something hits you! Something completely misses you.
There is an open door here.
Something hits you but does no damage.
There is an open door here.
Something hits you but does no damage. Something barely misses you.
There is an open door here.
Something is blocking the doorway!
Something hits you. Something hits you. x2
There is an open door here.
Something hits you.
Something is blocking the doorway!
Something hits you! Something hits you!
There is an open door, spattered with blood here.
Something hits you! x2
* * * LOW HITPOINT WARNING * * *
Something hits you!
* * * LOW HITPOINT WARNING * * *
You mangle something!! Trog accepts your kill. Trog grants you a weapon!
Something appears at your feet!
You see here a +5 heavy quarterstaff.
Reactivating autopickup.
You feel a bit more experienced.
Your Fighting skill increases to level 11!
Your Unarmed Combat skill increases to level 15!
There is an open door, spattered with blood here.
You now have 398 gold pieces (gained 81).
You see here a +0 dagger.
There is an open door, spattered with blood here.
The deep elf master archer shoots an arrow.
The arrow hits you!!
* * * LOW HITPOINT WARNING * * *
The deep elf master archer shoots an arrow.
The arrow hits you!!
You die...

####+#### ##≈§≈§S§§##
##○≈≈≈≈≈○≈≈##
+≈≈§°≈§§≈○≈≈##++##
###§§§≈≈≈≈≈≈##≈...###
#~##○≈≈SS≈≈ #e≈..^^.#
#~~#+++#+++#####@..^#
~~~.........#..').^.#
~~~~.##'##..#.)####.#
~~~~###.###.####..'.###
~~~~#..#..#....#..#...#
~~####.#.####..#####..#
~##.###†###.##..#..'..#
†#..†##.##...#..#..#..#
~'###'.<.).#.+..####..##.#


You could see a deep elf master archer.

Vanquished Creatures
  A fire dragon (D)
  2 boulder beetles (D)
  A merfolk siren (D)
  2 unseen horrors (D)
  A blink frog (D)
  2 wyverns (D)
  Menkaure (D)
  A water moccasin (D)
  4 scorpions (D)
  A spectral ball python (D)
  A spectral quokka (D)
17 creatures vanquished.

Vanquished Creatures (others)
  A water moccasin (D)
1 creature vanquished.

Grand Total: 18 creatures vanquished

Notes
Turn   | Place    | Note
-------+----------+-------------------------------------------
     0 | D        | sircluck the Troll Berserker began the quest for the Orb.
     0 | D        | Reached XP level 1. HP: 22/22 MP: 0/0
     1 | D        | Noticed a merfolk siren
     5 | D        | Noticed a wyvern
     5 | D        | Noticed a wyvern
     9 | D        | Noticed a scorpion
     9 | D        | Noticed a scorpion
     9 | D        | Noticed a scorpion
     9 | D        | Noticed a scorpion
    28 | D        | Killed a merfolk siren
    29 | D        | Reached skill level 8 in Unarmed Combat
    29 | D        | Reached XP level 2. HP: 37/37 MP: 1/1
    29 | D        | Reached XP level 3. HP: 45/45 MP: 2/2
    29 | D        | Reached XP level 4. HP: 53/53 MP: 3/3
    29 | D        | Reached XP level 5. HP: 61/61 MP: 4/4
    29 | D        | Reached XP level 6. HP: 68/68 MP: 5/5
    51 | D        | Reached ** piety under Trog
    52 | D        | Reached skill level 9 in Unarmed Combat
    56 | D        | Reached XP level 7. HP: 77/79 MP: 6/6
    66 | D        | Noticed a boulder beetle
    66 | D        | Noticed a boulder beetle
    75 | D        | Killed a wyvern
    75 | D        | Reached *** piety under Trog
    76 | D        | Reached skill level 10 in Unarmed Combat
    80 | D        | Killed a wyvern
    88 | D        | Noticed Menkaure
    91 | D        | Killed Menkaure
    92 | D        | Reached skill level 11 in Unarmed Combat
   112 | D        | Killed a boulder beetle
   112 | D        | Reached **** piety under Trog
   113 | D        | Reached skill level 12 in Unarmed Combat
   113 | D        | Reached XP level 8. HP: 77/92 MP: 7/7
   119 | D        | Killed a boulder beetle
   120 | D        | Reached skill level 10 in Fighting
   120 | D        | Reached skill level 13 in Unarmed Combat
   120 | D        | Reached XP level 9. HP: 27/101 MP: 8/8
   178 | D        | Found Betul's Antique Weapon Boutique.
   178 | D        | Found Zenip's General Store.
   178 | D        | Found Plog's Assorted Antiques.
   178 | D        | Found Ubelyor's Antique Weapon Shop.
   178 | D        | Found Homadun's Jewellery Boutique.
   179 | D        | Found Kawaad's Antique Armour Shop.
   179 | D        | Found Ceagg's Distillery.
   179 | D        | Found Joimp's Antique Armour Shop.
   179 | D        | Found Rosuceuti's Antique Armour Boutique.
   179 | D        | Found Zisod's Book Shop.
   179 | D        | Found Gamot's Magic Scroll Boutique.
   180 | D        | Found Ezielira's Distillery.
   180 | D        | Found Zycevy's Distillery.
   181 | D        | Found Todaodin's Jewellery Shop.
   182 | D        | Noticed an oklob plant
   183 | D        | Found Qynos's Book Shoppe.
   221 | D        | Noticed a shining eye
   221 | D        | Noticed a shining eye
   257 | D        | Reached skill level 10 in Dodging
   261 | D        | Bought the ring "Hompeo" {Fly Str+4} for 427 gold pieces
   261 | D        | Bought an amulet of regeneration for 390 gold pieces
   315 | D        | Found a snail-covered altar of Cheibriados.
   318 | D        | Found a shadowy altar of Dithmenos.
   318 | D        | Found a viscous altar of Jiyva.
   319 | D        | Found a white marble altar of Elyvilon.
   319 | D        | Found an ancient bone altar of Kikubaaqudgha.
   320 | D        | Found a blossoming altar of Fedhas.
   320 | D        | Found a corrupted altar of Lugonu.
   320 | D        | Found a shimmering blue altar of Sif Muna.
   321 | D        | Found an opulent altar of Gozag.
   321 | D        | Found a burning altar of Makhleb.
   321 | D        | Found a bloodstained altar of Trog.
   322 | D        | Found a sparkling altar of Nemelex Xobeh.
   322 | D        | Found a hide-covered altar of Uskayaw.
   331 | D        | Reached ***** piety under Trog
   346 | D        | Noticed a fire dragon
   354 | D        | Killed a fire dragon
   355 | D        | Reached skill level 14 in Unarmed Combat
   399 | D        | Noticed a deep elf master archer
   407 | D        | Killed an unseen horror
   423 | D        | Killed an unseen horror
   423 | D        | Received a gift from Trog
   424 | D        | Reached skill level 15 in Unarmed Combat
   432 | D        | Shot with an arrow by a deep elf master archer

Illustrated notes

Levels and vault maps discovered:
D:        the_violet_keep_of_menkaure [sprint2_stairs_cluster_1,
          sprint2_shoproom, sprint2_temple, sprint2_basic_supplies,
          sprint2_obstacle_7, sprint2_obstacle_4, sprint2_obstacle_5,
          sprint2_obstacle_3, sprint2_obstacle_6, sprint2_timed_cluster_1,
          sprint2_smallroom_cluster_1, sprint2_smallroom_final_cluster_1,
          sprint2_transparent_cluster_1, sprint2_second_timed_cluster_1,
          sprint2_sniper_area_1, sprint2_heavy_combat_area_1,
          sprint2_mutation_trap_area_1, sprint2_forest_area_1,
          sprint2_light_combat_area_1, sprint2_behind_water_1,
          sprint2_near_end_vault_1]

Skill      XL: |  1  2  3  4  5  6  7  8  9 |
---------------+----------------------------+-----
Fighting       | 6 7 9 10 11 | 11.0
Dodging        | 6 7 9 10 | 10.8
Unarmed Combat | 8 9 12 13 15 | 15.0

Action                     |  1- 3 |  4- 6 |  7- 9 || total
---------------------------+-------+-------+-------++-------
  Melee: Unarmed           |    15 |     7 |    53 ||    75
         Punch             |       |       |     5 ||     5
 Invoke: Berserk           |       |       |     2 ||     2
 Armour: Animal skin       |       |       |     6 ||     6
  Dodge: Dodged            |       |     1 |    18 ||    19

Table legend: (Time is in decaauts)
 A = Elapsed time spent in this place.
 B = Non-inter-level travel time spent in this place.
 C = Inter-level travel time spent in this place.
 D = Time resting spent in this place.
 E = Time spent auto-exploring this place.
 F = Levels seen in this place.
 G = Mean time per level.
                   A        B        C        D        E       F      G
               +--------+--------+--------+--------+--------+-----+--------+
         Total |    435 |    415 |     20 |     42 |    148 |   1 |  435.0 |
       Dungeon |    435 |    415 |     20 |     42 |    148 |   1 |  435.0 |
               +--------+--------+--------+--------+--------+-----+--------+

Top non-repeatable levels by time:
       D: 435 daAuts
